 Dungeon Crawl Stone Soup version 0.18-b1-2-gd0c887e (webtiles) character file.

1226 senseless the Fighter (level 8, 0/74 HPs)
             Began as a Minotaur Fighter on Apr 28, 2016.
             Slain by a mummy (8 damage)
             ... on level 6 of the Dungeon.
             The game lasted 00:54:05 (4093 turns).

senseless the Fighter (Minotaur Fighter)            Turns: 4093, Time: 00:54:06

Health: 0/74       AC: 13    Str: 22    XL:     8   Next: 23%
Magic:  7/7        EV:  6    Int:  5    God:
Gold:   293        SH: 10    Dex: 11    Spells: 0 memorised, 7 levels left

rFire  . . .     SeeInvis .     t - +0 morningstar
rCold  . . .     Gourm    .     n - +1 chain mail
rNeg   . . .     Faith    .     c - +0 shield
rPois  .         Spirit   .     (helmet restricted)
rElec  .         Dismiss  .     m - +1 cloak
rCorr  .         Reflect  .     (no gloves)
SustAt .         Harm     .     (no boots)
MR     .....                    (no amulet)
Stlth  ..........               (no ring)
                                (no ring)

@: not resistant to hostile enchantments, extremely unstealthy
A: retaliatory headbutt, horns 2
a: no special abilities


You were on level 6 of the Dungeon.
You were hungry.

You visited 1 branch of the dungeon, and saw 6 of its levels.

You collected 293 gold pieces.

Inventory:

Hand Weapons
 t - a +0 morningstar (weapon)
Armour
 c - a +0 shield (worn)
 m - a +1 cloak (worn)
 n - a +1 chain mail (worn)
Jewellery
 u - a cursed -3 ring of intelligence {unknown}
Wands
 l - a wand of polymorph (14/24)
 q - a wand of paralysis (16/24)
 s - a wand of digging (11/24)
 v - a wand of iceblast (4/15)
 y - a wand of lightning (8/15)
Scrolls
 g - a scroll of fog
 j - a scroll of teleportation
 o - 2 scrolls of identify
 p - 3 scrolls of amnesia
 w - 4 scrolls of remove curse
 x - a scroll of random uselessness {unknown}
Potions
 d - a potion of might
 e - 2 potions of curing
 k - 2 potions of lignification
 r - a potion of cure mutation {unknown}
 D - a potion of haste {unknown}
Books
 A - a book of Spatial Translocations

   Spells                             Type                      Level
   a - Apportation                    Translocation                1
   b - Blink                          Translocation                2
   c - Shroud of Golubria             Charms/Translocation         2
   d - Portal Projectile              Translocation                3
   e - Teleport Other                 Translocation                3
   f - Passage of Golubria            Translocation                4
 C - a Grand Grimoire

   Spells                             Type                      Level
   a - Monstrous Menagerie            Summoning                    7
   b - Summon Greater Demon           Summoning                    7
   c - Malign Gateway                 Summoning/Translocation      7
   d - Summon Horrible Things         Summoning                    8
Comestibles
 b - 2 slices of pizza
 f - 4 bread rations
 h - 12 fruits
 i - 2 meat rations
 B - a royal jelly


   Skills:
 * Level 8.0 Fighting
 + Level 5.8 Maces & Flails
 + Level 6.7 Armour
 + Level 6.4 Shields


You had 7 spell levels left.
You didn't know any spells.

Dungeon Overview and Level Annotations

Branches:
Dungeon (6/15)
 Temple: D:4-7

Altars:
Gozag
Nemelex Xobeh

Portals:
Ossuary: D:6


Innate Abilities, Weirdness & Mutations

You reflexively headbutt those who attack you in melee.
You have a pair of horns on your head.


Message History

You hear some strange, mumbled words.
A magic dart appears from out of thin air!
The magic dart hits you!
* * * LOW HITPOINT WARNING * * *
You barely miss something.
Sigmund appears from thin air!
Reactivating autopickup.
Sigmund hits you with a scythe of slicing.
* * * LOW HITPOINT WARNING * * *
x2 You puncture Sigmund!
You kill Sigmund!
Your Fighting skill increases to level 8!
You feel your dexterity returning.
Things that are here:
a scythe of slicing; a robe A mummy comes into view.
Found a sand-covered staircase.
You block the mummy's attack.
There is an open door here.
You closely miss the mummy. The mummy hits you!
You die...

######.####.....###...##.#.###
#### #.# #.###.##..#..#......
...# #.# #.# #.#..###..##.#
##.# #.# #. #...##.##....# ..
#.# #.# #. #..###'###..####...
#.###.# #.
...#.......#........ #.....#
.....###..†..###..##.#.
####### ##..##M##.).## ##..#.#
#..###@###.###+###...#
......................#
.####.#.####...##..##.# #...#
#.......# ... .....#
#.####.###### #####.# #.#
#...(.S. #.# #.# #.###### ###
### ###


You could see a mummy.

Vanquished Creatures
  Sigmund (D:6)
  A sky beast (D:6)
  2 ice beasts
  A centaur (D:6)
  2 crimson imps
  2 jellies (D:5)
  A quasit (D:6)
  2 hounds
  An orc priest (D:5)
  2 orc wizards (D:5)
  Jessica (D:3)
  5 worker ants
  5 gnolls
  9 adders
  3 oozes
  An adder zombie (D:5)
  4 worms
  3 dart slugs
  A giant gecko (D:3)
  8 orcs
  5 giant cockroaches
  10 goblins
  5 hobgoblins
  11 jackals
  A quokka (D:3)
  2 ball pythons (D:1)
  A ball python zombie (D:5)
  5 bats
  A giant gecko skeleton (D:5)
  3 giant newts
  A goblin zombie (D:6)
  7 kobolds
  8 rats
115 creatures vanquished.

Notes
Turn   | Place    | Note
--------------------------------------------------------------
     0 | D:1      | senseless the Minotaur Fighter began the quest for the Orb.
     0 | D:1      | Reached XP level 1. HP: 19/19 MP: 0/0
   117 | D:1      | Reached XP level 2. HP: 23/27 MP: 1/1
   458 | D:1      | Reached skill level 4 in Fighting
   521 | D:1      | Found a sparkling altar of Nemelex Xobeh.
   545 | D:2      | Reached XP level 3. HP: 11/33 MP: 2/2
  1013 | D:2      | Found an opulent altar of Gozag.
  1057 | D:2      | Reached XP level 4. HP: 33/41 MP: 3/3
  1459 | D:3      | Noticed Jessica
  1600 | D:3      | Killed Jessica
  1615 | D:3      | Reached skill level 5 in Armour
  1644 | D:3      | Reached XP level 5. HP: 19/47 MP: 4/4
  2097 | D:4      | Reached skill level 5 in Fighting
  2115 | D:4      | Got a scorched leather armour
  2172 | D:4      | Identified the +1 leather armour of Liberalism {rC+ Stlth+} (You found it on level 4 of the Dungeon)
  2537 | D:4      | Reached XP level 6. HP: 56/56 MP: 5/5
  2859 | D:5      | Entered Level 5 of the Dungeon
  3008 | D:5      | Reached skill level 6 in Fighting
  3008 | D:5      | Reached skill level 5 in Shields
  3244 | D:5      | Reached XP level 7. HP: 62/63 MP: 6/6
  3434 | D:5      | Reached skill level 5 in Maces & Flails
  3558 | D:6      | Reached skill level 7 in Fighting
  4015 | D:6      | Reached XP level 8. HP: 72/73 MP: 7/7
  4047 | D:6      | Noticed Sigmund
  4080 | D:6      | HP: 3/74 [something (2)]
  4086 | D:6      | Killed Sigmund
  4086 | D:6      | Reached skill level 8 in Fighting
  4091 | D:6      | Found a sand-covered staircase.
  4093 | D:6      | Slain by a mummy

Skill      XL: |  1  2  3  4  5  6  7  8 |
---------------+-------------------------+-----
Armour         | 4 5 6 |  6.7
Fighting       | 4 5 6 7 8 |  8.0
Shields        | 4 5 6 |  6.4
Maces & Flails | 3 4 5 |  5.8

Action                   |  1- 3 |  4- 6 |  7- 9 || total
-------------------------+-------+-------+-------++-------
Melee: Flail             |   100 |   137 |       ||   237
       Headbutt          |    11 |    33 |    18 ||    62
       Morningstar       |       |    45 |   103 ||   148
  Use: Scroll            |     5 |     3 |     1 ||     9
       Potion            |       |       |     1 ||     1
  Eat: Chunk             |     1 |     7 |     2 ||    10
Armor: Scale mail        |    26 |       |       ||    26
       Chain mail        |    10 |    71 |    66 ||   147
       Leather armour    |    17 |    18 |       ||    35
Dodge: Dodged            |    37 |    53 |    27 ||   117
Block: Shield            |    56 |   107 |    58 ||   221
